Devils vs Flyers

Created - 22 janvier 2019 at 22:03

Goals
1 2 3 T
Devils 0 0 0 0
Flyers 0 0 3 3
Shots
1 2 3 T
Devils 15 19 10 44
Flyers 5 13 10 28

1st period

No Goal

Penalties :
Nikita Zaitsev (PHI) for Hooking (Minor) at 16:33

2nd period

No Goal

Penalties :
Alexander Killorn (PHI) for Holding (Minor) at 12:00, Anders Lee (PHI) for Cross-checking (Minor) at 19:00

3rd period

1. Flyers , Casey Cizikas 6 (Zach Werenski 10) at 1:33
2. Flyers , Alexander Killorn 20 (Nico Hischier 16, Nikita Zaitsev 9) at 2:42
3. Flyers , Calle Jarnkrok 10 (Markus Nutivaara 4) at 15:19

Penalties :
Nikita Zaitsev (PHI) for Slashing (Minor) at 6:25, Pavel Zacha (NJD) for Hooking (Minor) at 11:25

Goalie Stats

Marc-Andre Fleury (NJD), 25 saves from 28 shots - (0.893), L, 18-20-1, 60:00 minutes
Steve Mason (PHI), 44 saves from 44 shots - (1.000), W, 3-4-1, 60:00 minutes

Players Stats for Devils

Player Name              G  A  P  +/- PIM S  H  SB GA TA FO     MP     PP MP  PK MP  
------------------------------------------------------------------------------------
Antoine Vermette         0  0  0   0  0   2  0  0  0  0  4/6     6:19   0:13   0:00 
Anton Stralman           0  0  0   0  0   1  0  1  0  0  0/0    22:23   3:55   0:00 
Bo Horvat                0  0  0  -1  0   4  0  0  0  0  13/25  19:29   4:05   1:37 
Brooks Orpik             0  0  0  -1  0   0  1  1  0  0  0/0    15:17   0:13   0:00 
Darren Helm              0  0  0  -1  0   3  1  0  0  0  1/1    17:52   4:05   0:00 
Dustin Brown             0  0  0  -1  0   4  5  0  0  0  0/3    22:19   3:38   0:22 
Eric Fehr                0  0  0  -1  0   2  0  0  0  0  0/0    12:06   0:13   0:00 
Jordan Staal             0  0  0  -1  0   3  3  0  0  0  2/12   12:15   0:00   0:22 
Justin Schultz           0  0  0  -2  0   1  0  1  0  0  0/0    21:33   3:48   1:12 
Kevin Hayes              0  0  0  -1  0   5  0  0  0  0  0/0    21:57   3:38   0:00 
Mike Cammalleri          0  0  0   0  0   2  0  0  0  0  0/0     6:06   0:00   0:00 
Nicklas Backstrom        0  0  0  -1  0   5  0  0  0  0  26/35  23:34   3:38   1:37 
Pavel Zacha              0  0  0  -1  2   1  0  0  0  0  0/0    11:52   0:00   0:00 
Ryan Pulock              0  0  0  -2  0   2  1  0  0  0  0/0    20:48   3:48   1:12 
Sam Reinhart             0  0  0  -1  0   3  1  0  0  0  0/1    17:52   4:05   0:00 
Shayne Gostisbehere      0  0  0   0  0   4  0  0  0  0  0/0    23:55   3:55   0:47 
Steven Santini           0  0  0  -1  0   0  0  0  0  0  0/0    16:04   0:13   0:47 
Vinnie Hinostroza        0  0  0   0  0   2  0  0  0  0  0/0     6:19   0:13   0:00 

Players Stats for Flyers

Player Name              G  A  P  +/- PIM S  H  SB GA TA FO     MP     PP MP  PK MP  
------------------------------------------------------------------------------------
Alexander Killorn        1  0  1   1  2   3  0  1  0  0  0/0    16:59   0:46   1:27 
Anders Lee               0  0  0   0  2   5  2  0  0  0  0/0    20:17   1:01   1:58 
Andre Burakovsky         0  0  0   1  0   0  2  0  0  0  0/0    11:31   0:00   0:00 
Ben Hutton               0  0  0   1  0   1  1  0  0  0  0/0    20:18   0:24   2:57 
Brandon Saad             0  0  0   1  0   3  0  0  0  0  0/3    14:59   0:12   0:00 
Calle Jarnkrok           1  0  1   1  0   3  0  0  0  0  9/15   15:09   0:58   2:40 
Casey Cizikas            1  0  1   1  0   3  1  0  0  0  7/20   11:21   0:34   4:19 
Damon Severson           0  0  0   1  0   1  5  1  0  0  0/0    22:28   1:01   3:20 
Jonathan Ericsson        0  0  0   1  0   1  1  2  0  0  0/0    17:10   0:00   2:09 
Jori Lehtera             0  0  0   1  0   0  0  0  0  0  0/1     6:28   0:00   0:00 
Marcus Kruger            0  0  0   1  0   0  0  0  0  0  0/0    10:59   0:00   4:31 
Markus Nutivaara         0  1  1   1  0   0  1  1  0  0  0/0    17:12   0:34   1:37 
Mathew Barzal            0  0  0   0  0   4  0  1  0  0  8/22   19:17   1:01   0:57 
Mattias Janmark          0  0  0   1  0   2  0  0  0  0  0/0    11:31   0:00   0:00 
Nico Hischier            0  1  1   1  0   2  1  0  0  0  13/22  15:11   0:24   0:00 
Nikita Zaitsev           0  1  1   1  4   0  5  1  0  0  0/0    20:43   0:58   1:49 
Thomas Vanek             0  0  0   0  0   0  0  0  0  0  0/0    18:20   1:01   0:00 
Zach Werenski            0  1  1   1  0   0  1  2  0  0  0/0    22:07   1:01   4:00 

3 Stars

1 - Steve Mason (PHI)
2 - Casey Cizikas (PHI)
3 - Calle Jarnkrok (PHI)

Power Play

Devils - 0 on 4 Attempt(s) - 0.00%
Flyers - 0 on 1 Attempt(s) - 0.00%

Penalty Kill

Devils - 1 on 1 Attempt(s) - 100.00% - Score 0 goal in Penalty Kill
Flyers - 4 on 4 Attempt(s) - 100.00% - Score 0 goal in Penalty Kill

Team Stat

Devils - Hits : 12 - Faceoff Wins : 46 - Blocked Shots : 3 - Penalty Minutes : 2
Flyers - Hits : 20 - Faceoff Wins : 37 - Blocked Shots : 9 - Penalty Minutes : 8

Official

Referees : Dave Jackson and Jean Hebert
Linesman : Lonnie Cameron and Tony Sericolo

Game Notes

No Game Note

Finance

Level 1 -- Attendance: 6035 (92.85%) -- Ticket Income 663 850 $
Level 2 -- Attendance: 4910 (98.20%) -- Ticket Income 402 620 $
Level 3 -- Attendance: 3242 (92.63%) -- Ticket Income 204 246 $
Level 4 -- Attendance: 3179 (89.88%) -- Ticket Income 63 580 $
Luxury Box -- Attendance: 904 (90.40%) -- Ticket Income 203 400 $
Game was played at the Wells Fargo Center.
Total Attendance: 18270 (93.51%)
Total Ticket Income: 1 537 696 $
Other Income: 753 471 $
Total Income: 2 291 167 $

% Time on Ice - Devils

Lines # - Real PCT - Wanted PCT - Time Play
Normal Forward
1 - 37% - 40% - 18:19
2 - 28% - 30% - 13:47
3 - 24% - 20% - 11:53
4 - 12% - 10% - 6:06
Normal Defense
1 - 37% - 40% - 18:28
2 - 32% - 30% - 15:48
3 - 30% - 20% - 15:04
4 - 1% - 10% - 0:45
PP Forward
1 - 49% - 60% - 3:51
2 - 51% - 40% - 4:05
PP Defense
1 - 52% - 60% - 4:08
2 - 48% - 40% - 3:48
PK Forward
1 - 82% - 60% - 1:37
2 - 18% - 40% - 0:22
PK Defense
1 - 39% - 60% - 0:47
2 - 61% - 40% - 1:12
PK3 Forward
1 - 0% - 60%
2 - 0% - 40%
PK3 Defense
1 - 0% - 60%
2 - 0% - 40%
44 Forward
1 - 0% - 60%
2 - 0% - 40%
44 Defense
1 - 0% - 60%
2 - 0% - 40%
Last Minute Offensive  - 0:00
Last Minute Defensive  - 0:00
Total
Forward - 60:00
Defense - 60:00

% Time on Ice - Flyers

Lines # - Real PCT - Wanted PCT - Time Play
Normal Forward
1 - 35% - 35% - 17:19
2 - 30% - 30% - 14:47
3 - 23% - 23% - 11:31
4 - 13% - 12% - 6:28
Normal Defense
1 - 36% - 42% - 18:07
2 - 34% - 34% - 16:57
3 - 30% - 24% - 15:01
4 - 0% - 0% - 0:00
PP Forward
1 - 51% - 60% - 1:01
2 - 49% - 40% - 0:58
PP Defense
1 - 51% - 65% - 1:01
2 - 49% - 35% - 0:58
PK Forward
1 - 70% - 60% - 5:32
2 - 30% - 40% - 2:24
PK Defense
1 - 61% - 50% - 4:49
2 - 39% - 50% - 3:07
PK3 Forward
1 - 0% - 60%
2 - 0% - 40%
PK3 Defense
1 - 0% - 60%
2 - 0% - 40%
44 Forward
1 - 0% - 60%
2 - 0% - 40%
44 Defense
1 - 0% - 60%
2 - 0% - 40%
Last Minute Offensive  - 0:00
Last Minute Defensive  - 0:00
Total
Forward - 60:00
Defense - 60:00

Play-by-Play

1st period


0:01 of 1st period - Mathew Barzal wins face-off versus Dustin Brown in neutral zone.
0:01 of 1st period - Zach Werenski is hit by Dustin Brown and loses puck.
0:49 of 1st period - Icing by Damon Severson.
0:50 of 1st period - Bo Horvat wins face-off versus Mathew Barzal in Flyers zone.
1:01 of 1st period - Shot by Sam Reinhart.
1:01 of 1st period - Stopped by Steve Mason without a rebound.
1:02 of 1st period - Nico Hischier wins face-off versus Jordan Staal in Flyers zone.
1:21 of 1st period - Shot by Alexander Killorn.
1:21 of 1st period - Shot Misses the Net.
1:23 of 1st period - Shot by Brandon Saad.
1:23 of 1st period - Shot Misses the Net.
1:25 of 1st period - Shot by Alexander Killorn.
1:25 of 1st period - Shot Misses the Net.
1:27 of 1st period - Shot by Nikita Zaitsev.
1:27 of 1st period - Shot Misses the Net.
1:43 of 1st period - Shot by Brandon Saad.
1:43 of 1st period - Shot Misses the Net.
1:50 of 1st period - Icing by Brooks Orpik.
1:51 of 1st period - Calle Jarnkrok wins face-off versus Jordan Staal in Devils zone.
2:06 of 1st period - Shot by Calle Jarnkrok.
2:06 of 1st period - Shot Blocked by Brooks Orpik.
3:04 of 1st period - Shot by Darren Helm.
3:04 of 1st period - Deflect By Bo Horvat.
3:04 of 1st period - Stopped by Steve Mason without a rebound.
3:05 of 1st period - Nicklas Backstrom wins face-off versus Nico Hischier in Flyers zone.
4:12 of 1st period - Bo Horvat is hit by Damon Severson and loses puck.
4:23 of 1st period - Shot by Darren Helm.
4:23 of 1st period - Deflect By Sam Reinhart.
4:23 of 1st period - Stopped by Steve Mason without a rebound.
4:24 of 1st period - Calle Jarnkrok wins face-off versus Antoine Vermette in Flyers zone.
4:33 of 1st period - Off-side.
4:34 of 1st period - Bo Horvat wins face-off versus Casey Cizikas in neutral zone.
4:55 of 1st period - Shot by Darren Helm.
4:55 of 1st period - Shot Misses the Net.
5:07 of 1st period - Shot by Sam Reinhart.
5:07 of 1st period - Shot Misses the Net.
5:15 of 1st period - Darren Helm is hit by Casey Cizikas.
5:16 of 1st period - Icing by Darren Helm.
5:17 of 1st period - Calle Jarnkrok wins face-off versus Bo Horvat in Devils zone.
5:28 of 1st period - Icing by Bo Horvat.
5:29 of 1st period - Mathew Barzal wins face-off versus Sam Reinhart in Devils zone.
5:36 of 1st period - Shot by Mathew Barzal.
5:36 of 1st period - Stopped by Marc-Andre Fleury without a rebound.
5:37 of 1st period - Nicklas Backstrom wins face-off versus Mathew Barzal in Devils zone.
6:06 of 1st period - Shot by Nicklas Backstrom.
6:06 of 1st period - Shot Misses the Net.
6:31 of 1st period - Shot by Mike Cammalleri.
6:31 of 1st period - Stopped by Steve Mason without a rebound.
6:32 of 1st period - Antoine Vermette wins face-off versus Brandon Saad in Flyers zone.
6:37 of 1st period - Shot by Mike Cammalleri.
6:37 of 1st period - Deflect By Vinnie Hinostroza.
6:37 of 1st period - Stopped by Steve Mason without a rebound.
6:38 of 1st period - Antoine Vermette wins face-off versus Calle Jarnkrok in Flyers zone.
7:03 of 1st period - Icing by Andre Burakovsky.
7:04 of 1st period - Bo Horvat wins face-off versus Calle Jarnkrok in Flyers zone.
7:56 of 1st period - Shot by Nicklas Backstrom.
7:56 of 1st period - Stopped by Steve Mason with a rebound.
10:19 of 1st period - Shot by Bo Horvat.
10:19 of 1st period - Shot Blocked by Nikita Zaitsev.
10:21 of 1st period - Shot by Bo Horvat.
10:21 of 1st period - Shot Misses the Net.
10:27 of 1st period - Shot by Darren Helm.
10:27 of 1st period - Shot Misses the Net.
10:33 of 1st period - Shot by Darren Helm.
10:33 of 1st period - Stopped by Steve Mason without a rebound.
10:34 of 1st period - Casey Cizikas wins face-off versus Nicklas Backstrom in Flyers zone.
10:49 of 1st period - Off-side.
10:50 of 1st period - Jordan Staal wins face-off versus Brandon Saad in neutral zone.
10:55 of 1st period - Shot by Pavel Zacha.
10:55 of 1st period - Shot Misses the Net.
10:57 of 1st period - Shot by Pavel Zacha.
10:57 of 1st period - Stopped by Steve Mason with a rebound.
10:59 of 1st period - Shot by Justin Schultz.
10:59 of 1st period - Deflect By Jordan Staal.
10:59 of 1st period - Stopped by Steve Mason without a rebound.
11:00 of 1st period - Nicklas Backstrom wins face-off versus Casey Cizikas in Flyers zone.
11:06 of 1st period - Icing by Jonathan Ericsson.
11:07 of 1st period - Nicklas Backstrom wins face-off versus Casey Cizikas in Flyers zone.
11:10 of 1st period - Shot by Kevin Hayes.
11:10 of 1st period - Stopped by Steve Mason without a rebound.
11:11 of 1st period - Nicklas Backstrom wins face-off versus Nico Hischier in Flyers zone.
11:33 of 1st period - Off-side.
11:34 of 1st period - Mathew Barzal wins face-off versus Bo Horvat in neutral zone.
11:52 of 1st period - Shot by Darren Helm.
11:52 of 1st period - Shot Misses the Net.
11:55 of 1st period - Icing by Damon Severson.
11:56 of 1st period - Nicklas Backstrom wins face-off versus Mathew Barzal in Flyers zone.
11:58 of 1st period - Kevin Hayes is hit by Zach Werenski and loses puck.
12:17 of 1st period - Shot by Anders Lee.
12:17 of 1st period - Stopped by Marc-Andre Fleury with a rebound.
12:22 of 1st period - Icing by Shayne Gostisbehere.
12:23 of 1st period - Nicklas Backstrom wins face-off versus Nico Hischier in Devils zone.
12:42 of 1st period - Shot by Kevin Hayes.
12:42 of 1st period - Shot Misses the Net.
12:44 of 1st period - Shot by Kevin Hayes.
12:44 of 1st period - Shot Blocked by Alexander Killorn.
13:10 of 1st period - Shot by Sam Reinhart.
13:10 of 1st period - Shot Misses the Net.
13:12 of 1st period - Shot by Ryan Pulock.
13:12 of 1st period - Stopped by Steve Mason without a rebound.
13:13 of 1st period - Casey Cizikas wins face-off versus Jordan Staal in Flyers zone.
13:13 of 1st period - Casey Cizikas is hit by Jordan Staal.
14:05 of 1st period - Shot by Mathew Barzal.
14:05 of 1st period - Shot Misses the Net.
14:09 of 1st period - Shot by Mathew Barzal.
14:09 of 1st period - Stopped by Marc-Andre Fleury with a rebound.
14:32 of 1st period - Shot by Anders Lee.
14:32 of 1st period - Shot Misses the Net.
14:34 of 1st period - Shot by Anders Lee.
14:34 of 1st period - Stopped by Marc-Andre Fleury with a rebound.
15:12 of 1st period - Icing by Nikita Zaitsev.
15:13 of 1st period - Calle Jarnkrok wins face-off versus Bo Horvat in Flyers zone.
15:20 of 1st period - Shot by Mattias Janmark.
15:20 of 1st period - Shot Misses the Net.
16:33 of 1st period - Minor Penalty to Nikita Zaitsev for Hooking.
16:34 of 1st period - Casey Cizikas wins face-off versus Bo Horvat in Flyers zone.
17:33 of 1st period - Damon Severson is hit by Dustin Brown and loses puck.
17:59 of 1st period - Off-side.
18:00 of 1st period - Mathew Barzal wins face-off versus Nicklas Backstrom in neutral zone.
18:21 of 1st period - Shot by Shayne Gostisbehere.
18:21 of 1st period - Deflect By Kevin Hayes.
18:21 of 1st period - Shot Blocked by Mathew Barzal.
18:23 of 1st period - Shot by Kevin Hayes.
18:23 of 1st period - Shot Misses the Net.
18:25 of 1st period - Shot by Dustin Brown.
18:25 of 1st period - Shot Misses the Net.
18:27 of 1st period - Shot by Kevin Hayes.
18:27 of 1st period - Stopped by Steve Mason with a rebound.
18:47 of 1st period - Shot by Antoine Vermette.
18:47 of 1st period - Stopped by Steve Mason without a rebound.
18:48 of 1st period - Nico Hischier wins face-off versus Bo Horvat in Flyers zone.
18:48 of 1st period - Nico Hischier is hit by Sam Reinhart.
18:56 of 1st period - Shot by Brandon Saad.
18:56 of 1st period - Stopped by Marc-Andre Fleury with a rebound.
19:14 of 1st period - Shot by Bo Horvat.
19:14 of 1st period - Shot Misses the Net.
19:16 of 1st period - Shot by Bo Horvat.
19:16 of 1st period - Stopped by Steve Mason without a rebound.
19:17 of 1st period - Antoine Vermette wins face-off versus Mathew Barzal in Flyers zone.
19:18 of 1st period - Shot by Vinnie Hinostroza.
19:18 of 1st period - Stopped by Steve Mason without a rebound.
19:19 of 1st period - Antoine Vermette wins face-off versus Mathew Barzal in Flyers zone.
19:41 of 1st period - Mathew Barzal is hit by Brooks Orpik and loses puck.
19:50 of 1st period - Shot by Antoine Vermette.
19:50 of 1st period - Shot Misses the Net.
19:52 of 1st period - Shot by Mike Cammalleri.
19:52 of 1st period - Shot Misses the Net.
19:54 of 1st period - Shot by Antoine Vermette.
19:54 of 1st period - Shot Misses the Net.
Goals for this period are 0 for Devils vs 0 for Flyers.
Shots for this period are 15 for Devils vs 5 for Flyers.

2nd period


0:01 of 2nd period - Nico Hischier wins face-off versus Nicklas Backstrom in neutral zone.
0:17 of 2nd period - Dustin Brown is hit by Damon Severson and loses puck.
0:24 of 2nd period - Shot by Nicklas Backstrom.
0:24 of 2nd period - Shot Misses the Net.
0:26 of 2nd period - Shot by Anton Stralman.
0:26 of 2nd period - Stopped by Steve Mason without a rebound.
0:27 of 2nd period - Mathew Barzal wins face-off versus Bo Horvat in Flyers zone.
0:55 of 2nd period - Shot by Bo Horvat.
0:55 of 2nd period - Shot Blocked by Jonathan Ericsson.
1:05 of 2nd period - Shot by Sam Reinhart.
1:05 of 2nd period - Deflect By Bo Horvat.
1:05 of 2nd period - Shot Misses the Net.
1:07 of 2nd period - Shot by Darren Helm.
1:07 of 2nd period - Shot Misses the Net.
1:14 of 2nd period - Icing by Jonathan Ericsson.
1:15 of 2nd period - Nicklas Backstrom wins face-off versus Mathew Barzal in Flyers zone.
1:32 of 2nd period - Shot by Kevin Hayes.
1:32 of 2nd period - Stopped by Steve Mason without a rebound.
1:33 of 2nd period - Nico Hischier wins face-off versus Jordan Staal in Flyers zone.
1:33 of 2nd period - Nico Hischier is hit by Jordan Staal.
1:45 of 2nd period - Pavel Zacha is hit by Damon Severson and loses puck.
2:04 of 2nd period - Shot by Eric Fehr.
2:04 of 2nd period - Stopped by Steve Mason with a rebound.
2:06 of 2nd period - Shot by Jordan Staal.
2:06 of 2nd period - Shot Blocked by Zach Werenski.
2:08 of 2nd period - Shot by Pavel Zacha.
2:08 of 2nd period - Deflect By Jordan Staal.
2:08 of 2nd period - Stopped by Steve Mason without a rebound.
2:09 of 2nd period - Nicklas Backstrom wins face-off versus Casey Cizikas in Flyers zone.
3:10 of 2nd period - Shot by Calle Jarnkrok.
3:10 of 2nd period - Shot Blocked by Justin Schultz.
3:12 of 2nd period - Shot by Calle Jarnkrok.
3:12 of 2nd period - Shot Misses the Net.
3:14 of 2nd period - Shot by Calle Jarnkrok.
3:14 of 2nd period - Deflect By Mattias Janmark.
3:14 of 2nd period - Shot Misses the Net.
4:14 of 2nd period - Icing by Brandon Saad.
4:15 of 2nd period - Nico Hischier wins face-off versus Jordan Staal in Flyers zone.
4:30 of 2nd period - Shot by Anders Lee.
4:30 of 2nd period - Stopped by Marc-Andre Fleury without a rebound.
4:31 of 2nd period - Mathew Barzal wins face-off versus Nicklas Backstrom in Devils zone.
4:32 of 2nd period - Shot by Anders Lee.
4:32 of 2nd period - Stopped by Marc-Andre Fleury with a rebound.
4:38 of 2nd period - Shot by Dustin Brown.
4:38 of 2nd period - Shot Misses the Net.
4:42 of 2nd period - Shot by Nicklas Backstrom.
4:42 of 2nd period - Shot Misses the Net.
4:44 of 2nd period - Shot by Nicklas Backstrom.
4:44 of 2nd period - Stopped by Steve Mason without a rebound.
4:45 of 2nd period - Casey Cizikas wins face-off versus Bo Horvat in Flyers zone.
4:45 of 2nd period - Casey Cizikas is hit by Darren Helm.
4:55 of 2nd period - Shot by Casey Cizikas.
4:55 of 2nd period - Stopped by Marc-Andre Fleury without a rebound.
4:56 of 2nd period - Nicklas Backstrom wins face-off versus Mathew Barzal in Devils zone.
5:16 of 2nd period - Shot by Mathew Barzal.
5:16 of 2nd period - Stopped by Marc-Andre Fleury with a rebound.
5:37 of 2nd period - Off-side.
5:38 of 2nd period - Nico Hischier wins face-off versus Bo Horvat in neutral zone.
5:41 of 2nd period - Shot by Nico Hischier.
5:41 of 2nd period - Stopped by Marc-Andre Fleury with a rebound.
6:01 of 2nd period - Shot by Sam Reinhart.
6:01 of 2nd period - Deflect By Bo Horvat.
6:01 of 2nd period - Stopped by Steve Mason without a rebound.
6:02 of 2nd period - Calle Jarnkrok wins face-off versus Jordan Staal in Flyers zone.
6:02 of 2nd period - Calle Jarnkrok is hit by Jordan Staal.
6:13 of 2nd period - Shot by Mattias Janmark.
6:13 of 2nd period - Stopped by Marc-Andre Fleury with a rebound.
6:15 of 2nd period - Shot by Jonathan Ericsson.
6:15 of 2nd period - Stopped by Marc-Andre Fleury without a rebound.
6:16 of 2nd period - Nicklas Backstrom wins face-off versus Jori Lehtera in Devils zone.
6:23 of 2nd period - Zach Werenski is hit by Dustin Brown and loses puck.
6:43 of 2nd period - Shot by Nicklas Backstrom.
6:43 of 2nd period - Deflect By Dustin Brown.
6:43 of 2nd period - Stopped by Steve Mason without a rebound.
6:44 of 2nd period - Bo Horvat wins face-off versus Mathew Barzal in Flyers zone.
7:14 of 2nd period - Shot by Sam Reinhart.
7:14 of 2nd period - Deflect By Bo Horvat.
7:14 of 2nd period - Shot Misses the Net.
7:16 of 2nd period - Shot by Sam Reinhart.
7:16 of 2nd period - Shot Misses the Net.
7:53 of 2nd period - Kevin Hayes is hit by Nikita Zaitsev and loses puck.
7:56 of 2nd period - Shot by Shayne Gostisbehere.
7:56 of 2nd period - Deflect By Nicklas Backstrom.
7:56 of 2nd period - Stopped by Steve Mason with a rebound.
8:21 of 2nd period - Jordan Staal is hit by Ben Hutton and loses puck.
8:26 of 2nd period - Shot by Jordan Staal.
8:26 of 2nd period - Stopped by Steve Mason without a rebound.
8:27 of 2nd period - Nico Hischier wins face-off versus Antoine Vermette in Flyers zone.
8:38 of 2nd period - Shot by Brandon Saad.
8:38 of 2nd period - Stopped by Marc-Andre Fleury without a rebound.
8:39 of 2nd period - Calle Jarnkrok wins face-off versus Jordan Staal in Devils zone.
8:56 of 2nd period - Shot by Andre Burakovsky.
8:56 of 2nd period - Shot Hit the Post.
9:10 of 2nd period - Shot by Mattias Janmark.
9:10 of 2nd period - Shot Misses the Net.
9:12 of 2nd period - Shot by Mattias Janmark.
9:12 of 2nd period - Stopped by Marc-Andre Fleury without a rebound.
9:13 of 2nd period - Nico Hischier wins face-off versus Nicklas Backstrom in Devils zone.
9:14 of 2nd period - Shot by Alexander Killorn.
9:14 of 2nd period - Shot Hit the Post.
9:16 of 2nd period - Shot by Alexander Killorn.
9:16 of 2nd period - Stopped by Marc-Andre Fleury without a rebound.
9:17 of 2nd period - Nicklas Backstrom wins face-off versus Nico Hischier in Devils zone.
9:19 of 2nd period - Icing by Shayne Gostisbehere.
9:20 of 2nd period - Nicklas Backstrom wins face-off versus Nico Hischier in Devils zone.
9:22 of 2nd period - Icing by Kevin Hayes.
9:23 of 2nd period - Nicklas Backstrom wins face-off versus Nico Hischier in Devils zone.
10:00 of 2nd period - Shot by Nico Hischier.
10:00 of 2nd period - Stopped by Marc-Andre Fleury without a rebound.
10:01 of 2nd period - Darren Helm wins face-off versus Calle Jarnkrok in Devils zone.
10:01 of 2nd period - Darren Helm is hit by Andre Burakovsky.
10:42 of 2nd period - Off-side.
10:43 of 2nd period - Mathew Barzal wins face-off versus Jordan Staal in neutral zone.
11:20 of 2nd period - Shot by Shayne Gostisbehere.
11:20 of 2nd period - Stopped by Steve Mason without a rebound.
11:21 of 2nd period - Nicklas Backstrom wins face-off versus Nico Hischier in Flyers zone.
11:22 of 2nd period - Shot by Dustin Brown.
11:22 of 2nd period - Stopped by Steve Mason without a rebound.
11:23 of 2nd period - Nico Hischier wins face-off versus Dustin Brown in Flyers zone.
11:38 of 2nd period - Nicklas Backstrom is hit by Nikita Zaitsev and loses puck.
12:00 of 2nd period - Minor Penalty to Alexander Killorn for Holding.
12:01 of 2nd period - Bo Horvat wins face-off versus Casey Cizikas in Flyers zone.
12:22 of 2nd period - Shot by Darren Helm.
12:22 of 2nd period - Deflect By Sam Reinhart.
12:22 of 2nd period - Shot Hit the Post.
12:38 of 2nd period - Shot by Shayne Gostisbehere.
12:38 of 2nd period - Shot Blocked by Zach Werenski.
13:05 of 2nd period - Kevin Hayes is hit by Damon Severson and loses puck.
13:50 of 2nd period - Shot by Bo Horvat.
13:50 of 2nd period - Stopped by Steve Mason without a rebound.
13:51 of 2nd period - Nicklas Backstrom wins face-off versus Calle Jarnkrok in Flyers zone.
13:58 of 2nd period - Anders Lee is hit by Dustin Brown and loses puck.
14:36 of 2nd period - Shot by Antoine Vermette.
14:36 of 2nd period - Stopped by Steve Mason with a rebound.
14:38 of 2nd period - Shot by Antoine Vermette.
14:38 of 2nd period - Shot Misses the Net.
15:12 of 2nd period - Shot by Justin Schultz.
15:12 of 2nd period - Shot Misses the Net.
15:14 of 2nd period - Shot by Eric Fehr.
15:14 of 2nd period - Shot Blocked by Jonathan Ericsson.
15:53 of 2nd period - Shot by Zach Werenski.
15:53 of 2nd period - Shot Misses the Net.
15:55 of 2nd period - Shot by Damon Severson.
15:55 of 2nd period - Stopped by Marc-Andre Fleury without a rebound.
15:56 of 2nd period - Calle Jarnkrok wins face-off versus Dustin Brown in Devils zone.
16:04 of 2nd period - Icing by Dustin Brown.
16:05 of 2nd period - Nicklas Backstrom wins face-off versus Mathew Barzal in Devils zone.
16:42 of 2nd period - Shot by Mathew Barzal.
16:42 of 2nd period - Stopped by Marc-Andre Fleury without a rebound.
16:43 of 2nd period - Calle Jarnkrok wins face-off versus Bo Horvat in Devils zone.
16:50 of 2nd period - Shot by Bo Horvat.
16:50 of 2nd period - Shot Misses the Net.
17:02 of 2nd period - Shot by Sam Reinhart.
17:02 of 2nd period - Shot Misses the Net.
17:10 of 2nd period - Shot by Shayne Gostisbehere.
17:10 of 2nd period - Stopped by Steve Mason with a rebound.
18:05 of 2nd period - Shot by Pavel Zacha.
18:05 of 2nd period - Deflect By Eric Fehr.
18:05 of 2nd period - Stopped by Steve Mason without a rebound.
18:06 of 2nd period - Nicklas Backstrom wins face-off versus Mathew Barzal in Flyers zone.
18:06 of 2nd period - Kevin Hayes is hit by Jonathan Ericsson and loses puck.
18:21 of 2nd period - Shot by Dustin Brown.
18:21 of 2nd period - Stopped by Steve Mason with a rebound.
18:58 of 2nd period - Mike Cammalleri is hit by Anders Lee and loses puck.
19:00 of 2nd period - Minor Penalty to Anders Lee for Cross-checking.
19:01 of 2nd period - Bo Horvat wins face-off versus Casey Cizikas in Flyers zone.
19:02 of 2nd period - Shot by Darren Helm.
19:02 of 2nd period - Stopped by Steve Mason without a rebound.
19:03 of 2nd period - Bo Horvat wins face-off versus Casey Cizikas in Flyers zone.
19:20 of 2nd period - Shot by Shayne Gostisbehere.
19:20 of 2nd period - Shot Misses the Net.
19:22 of 2nd period - Shot by Darren Helm.
19:22 of 2nd period - Stopped by Steve Mason without a rebound.
19:23 of 2nd period - Nicklas Backstrom wins face-off versus Casey Cizikas in Flyers zone.
19:52 of 2nd period - Shot by Justin Schultz.
19:52 of 2nd period - Stopped by Steve Mason without a rebound.
19:53 of 2nd period - Bo Horvat wins face-off versus Casey Cizikas in Flyers zone.
Goals for this period are 0 for Devils vs 0 for Flyers.
Shots for this period are 19 for Devils vs 13 for Flyers.

3rd period


0:01 of 3rd period - Casey Cizikas wins face-off versus Nicklas Backstrom in neutral zone.
0:12 of 3rd period - Shot by Nicklas Backstrom.
0:12 of 3rd period - Stopped by Steve Mason with a rebound.
0:14 of 3rd period - Shot by Dustin Brown.
0:14 of 3rd period - Stopped by Steve Mason with a rebound.
0:16 of 3rd period - Shot by Nicklas Backstrom.
0:16 of 3rd period - Shot Misses the Net.
0:18 of 3rd period - Shot by Nicklas Backstrom.
0:18 of 3rd period - Stopped by Steve Mason without a rebound.
0:19 of 3rd period - Casey Cizikas wins face-off versus Bo Horvat in Flyers zone.
1:00 of 3rd period - Shot by Sam Reinhart.
1:00 of 3rd period - Shot Misses the Net.
1:02 of 3rd period - Shot by Kevin Hayes.
1:02 of 3rd period - Shot Hit the Post.
1:04 of 3rd period - Shot by Kevin Hayes.
1:04 of 3rd period - Stopped by Steve Mason without a rebound.
1:05 of 3rd period - Mathew Barzal wins face-off versus Nicklas Backstrom in Flyers zone.
1:05 of 3rd period - Mathew Barzal is hit by Dustin Brown.
1:21 of 3rd period - Shot by Dustin Brown.
1:21 of 3rd period - Deflect By Kevin Hayes.
1:21 of 3rd period - Stopped by Steve Mason without a rebound.
1:22 of 3rd period - Jordan Staal wins face-off versus Casey Cizikas in Flyers zone.
1:33 of 3rd period - Shot by Casey Cizikas.
1:33 of 3rd period - Goal by Casey Cizikas - Devils : 0 - Flyers : 1.
1:34 of 3rd period - Nico Hischier wins face-off versus Nicklas Backstrom in neutral zone.
1:42 of 3rd period - Icing by Dustin Brown.
1:43 of 3rd period - Nicklas Backstrom wins face-off versus Mathew Barzal in Devils zone.
2:07 of 3rd period - Shot by Nicklas Backstrom.
2:07 of 3rd period - Shot Blocked by Damon Severson.
2:09 of 3rd period - Shot by Shayne Gostisbehere.
2:09 of 3rd period - Stopped by Steve Mason with a rebound.
2:13 of 3rd period - Shot by Shayne Gostisbehere.
2:13 of 3rd period - Stopped by Steve Mason without a rebound.
2:14 of 3rd period - Bo Horvat wins face-off versus Nico Hischier in Flyers zone.
2:19 of 3rd period - Shot by Sam Reinhart.
2:19 of 3rd period - Stopped by Steve Mason without a rebound.
2:20 of 3rd period - Nico Hischier wins face-off versus Bo Horvat in Flyers zone.
2:42 of 3rd period - Shot by Alexander Killorn.
2:42 of 3rd period - Goal by Alexander Killorn - Devils : 0 - Flyers : 2.
2:43 of 3rd period - Nicklas Backstrom wins face-off versus Mathew Barzal in neutral zone.
3:46 of 3rd period - Shot by Bo Horvat.
3:46 of 3rd period - Shot Misses the Net.
3:48 of 3rd period - Shot by Ryan Pulock.
3:48 of 3rd period - Stopped by Steve Mason with a rebound.
4:01 of 3rd period - Sam Reinhart is hit by Nikita Zaitsev and loses puck.
4:10 of 3rd period - Shot by Sam Reinhart.
4:10 of 3rd period - Shot Misses the Net.
5:12 of 3rd period - Icing by Markus Nutivaara.
5:13 of 3rd period - Calle Jarnkrok wins face-off versus Nicklas Backstrom in Flyers zone.
5:43 of 3rd period - Shot by Jori Lehtera.
5:43 of 3rd period - Shot Misses the Net.
6:02 of 3rd period - Shot by Casey Cizikas.
6:02 of 3rd period - Stopped by Marc-Andre Fleury without a rebound.
6:03 of 3rd period - Bo Horvat wins face-off versus Brandon Saad in Devils zone.
6:13 of 3rd period - Justin Schultz is hit by Nico Hischier.
6:20 of 3rd period - Bo Horvat is hit by Nikita Zaitsev and loses puck.
6:24 of 3rd period - Darren Helm is hit by Nikita Zaitsev.
6:25 of 3rd period - Minor Penalty to Nikita Zaitsev for Slashing.
6:26 of 3rd period - Bo Horvat wins face-off versus Casey Cizikas in Flyers zone.
6:31 of 3rd period - Shot by Bo Horvat.
6:31 of 3rd period - Shot Misses the Net.
6:41 of 3rd period - Shot by Bo Horvat.
6:41 of 3rd period - Shot Misses the Net.
8:41 of 3rd period - Shot by Mike Cammalleri.
8:41 of 3rd period - Shot Misses the Net.
9:55 of 3rd period - Shot by Dustin Brown.
9:55 of 3rd period - Shot Misses the Net.
9:57 of 3rd period - Shot by Brooks Orpik.
9:57 of 3rd period - Shot Misses the Net.
9:59 of 3rd period - Shot by Dustin Brown.
9:59 of 3rd period - Shot Misses the Net.
10:16 of 3rd period - Shot by Dustin Brown.
10:16 of 3rd period - Deflect By Kevin Hayes.
10:16 of 3rd period - Shot Blocked by Markus Nutivaara.
10:36 of 3rd period - Shot by Mike Cammalleri.
10:36 of 3rd period - Stopped by Steve Mason with a rebound.
10:38 of 3rd period - Shot by Ryan Pulock.
10:38 of 3rd period - Shot Misses the Net.
10:46 of 3rd period - Shot by Mike Cammalleri.
10:46 of 3rd period - Shot Misses the Net.
10:48 of 3rd period - Shot by Justin Schultz.
10:48 of 3rd period - Shot Misses the Net.
11:12 of 3rd period - Shot by Mattias Janmark.
11:12 of 3rd period - Shot Misses the Net.
11:16 of 3rd period - Shot by Calle Jarnkrok.
11:16 of 3rd period - Stopped by Marc-Andre Fleury without a rebound.
11:17 of 3rd period - Casey Cizikas wins face-off versus Jordan Staal in Devils zone.
11:25 of 3rd period - Minor Penalty to Pavel Zacha for Hooking.
11:26 of 3rd period - Nicklas Backstrom wins face-off versus Mathew Barzal in Devils zone.
11:26 of 3rd period - Nicklas Backstrom is hit by Anders Lee.
11:42 of 3rd period - Shot by Anders Lee.
11:42 of 3rd period - Stopped by Marc-Andre Fleury without a rebound.
11:43 of 3rd period - Nicklas Backstrom wins face-off versus Mathew Barzal in Devils zone.
12:36 of 3rd period - Shot by Ben Hutton.
12:36 of 3rd period - Shot Misses the Net.
12:38 of 3rd period - Shot by Calle Jarnkrok.
12:38 of 3rd period - Stopped by Marc-Andre Fleury without a rebound.
12:39 of 3rd period - Bo Horvat wins face-off versus Nico Hischier in Devils zone.
12:50 of 3rd period - Shot by Ben Hutton.
12:50 of 3rd period - Stopped by Marc-Andre Fleury without a rebound.
12:51 of 3rd period - Bo Horvat wins face-off versus Casey Cizikas in Devils zone.
13:46 of 3rd period - Shot by Anton Stralman.
13:46 of 3rd period - Shot Misses the Net.
14:43 of 3rd period - Shot by Antoine Vermette.
14:43 of 3rd period - Shot Misses the Net.
15:14 of 3rd period - Calle Jarnkrok is hit by Ryan Pulock and loses puck.
15:19 of 3rd period - Shot by Calle Jarnkrok.
15:19 of 3rd period - Goal by Calle Jarnkrok - Devils : 0 - Flyers : 3.
15:20 of 3rd period - Nico Hischier wins face-off versus Bo Horvat in neutral zone.
15:27 of 3rd period - Shot by Nico Hischier.
15:27 of 3rd period - Shot Blocked by Anton Stralman.
15:36 of 3rd period - Darren Helm is hit by Damon Severson.
15:49 of 3rd period - Icing by Zach Werenski.
15:50 of 3rd period - Nico Hischier wins face-off versus Jordan Staal in Flyers zone.
15:55 of 3rd period - Shot by Brandon Saad.
15:55 of 3rd period - Stopped by Marc-Andre Fleury without a rebound.
15:56 of 3rd period - Nicklas Backstrom wins face-off versus Calle Jarnkrok in Devils zone.
18:50 of 3rd period - Shot by Alexander Killorn.
18:50 of 3rd period - Stopped by Marc-Andre Fleury without a rebound.
18:51 of 3rd period - Nicklas Backstrom wins face-off versus Calle Jarnkrok in Devils zone.
18:51 of 3rd period - Nicklas Backstrom is hit by Andre Burakovsky.
19:02 of 3rd period - Kevin Hayes is hit by Markus Nutivaara and loses puck.
19:50 of 3rd period - Icing by Justin Schultz.
19:51 of 3rd period - Nicklas Backstrom wins face-off versus Casey Cizikas in Devils zone.
Goals for this period are 0 for Devils vs 3 for Flyers.
Shots for this period are 10 for Devils vs 10 for Flyers.